 Dungeon Crawl Stone Soup version 0.28-a0-653-g7e9dba17c3 (webtiles) character file.

Game seed: 8834615820689801028

69 SkeletonJelly the Poker (level 4, -5/37 HPs)
             Began as a Merfolk Chaos Knight on Oct 12, 2021.
             Was a Plaything of Xom.
             Slain by a sky beast (6 damage)
             ... on level 3 of the Dungeon.
             The game lasted 00:03:02 (2274 turns).

SkeletonJelly the Poker (Merfolk Chaos Knight)      Turns: 2274, Time: 00:03:02

Health: -5/37      AC:  5    Str: 13    XL:     4   Next: 20%
Magic:  13/13      EV: 16    Int: 11    God:    Xom [.*....]
Gold:   125        SH:  0    Dex: 13    Spells: 3/3 levels left

rFire   . . .      SeeInvis .   a - +0 spear (chaos)
rCold   . . .      Faith    .   (no shield)
rNeg    . . .      Spirit   .   b - +2 leather armour
rPois   .          Reflect  .   (no helmet)
rElec   .          Harm     .   (no cloak)
rCorr   .          Rampage  .   (no gloves)
Will    .....                   (no boots)
Stlth   +.........              (no amulet)
HPRegen 0.12/turn               i - ring of magical power
MPRegen 0.13/turn               j - +4 ring of evasion

@: no status effects
A: (nimble swimmer 2), mertail
a: Renounce Religion


You were on level 3 of the Dungeon.
You worshipped Xom.
You were a plaything of Xom.
You visited 1 branch of the dungeon, and saw 3 of its levels.

You collected 125 gold pieces.

Inventory:

Hand Weapons
 a - a +0 spear of chaos (weapon)
Armour
 b - a +2 leather armour (worn)
Jewellery
 i - a ring of magical power (left hand)
 j - a +4 ring of evasion (right hand)
Scrolls
 c - a scroll of vulnerability {unknown}
 e - a scroll of teleportation {unknown}
 f - a scroll of identify {unknown}
 h - a scroll of immolation {unknown}
Potions
 g - a potion of lignification {unknown}


   Skills:
 + Level 3.8 Fighting
 * Level 6.0 Polearms
 - Level 0.6 Armour
 + Level 3.6 Dodging


You had 3 spell levels left.
You didn't know any spells.
Your spell library contained the following spells:

 Spells                   Type           Power      Damage    Failure   Level
 Animate Skeleton         Necr           0%         N/A       41%         1
 Apportation              Tloc           0%         N/A       41%         1
 Summon Small Mammal      Summ           0%         N/A       41%         1


Dungeon Overview and Level Annotations

Branches:
Dungeon (3/15)

Altars:
Kikubaaqudgha

Shops:
D:1 (


Innate Abilities, Weirdness & Mutations

((You are quick and stealthy near water. (Stealth+, EV+, Speed+++)))
Your lower body shifts to a powerful aquatic tail in water.


Message History

You are too injured to fight recklessly!
As you read the scroll labelled LUSAGAG FOALAR, it crumbles to dust.
You assume a fearsome visage.
The guardian serpent looks frightened!
The jackal looks frightened! x2; It was a scroll of fear.
There is an open door here.
There is a stone staircase leading up here.
You climb upwards.
There is a stone staircase leading down here.
There is a stone staircase leading down, spattered with blood here.
You regained 2 hp, and now have 19/37 hp.
HP restored.
Done exploring.
Health restored: 37 You climb downwards.
There is a stone staircase leading up here.
You see here a +0 ring mail.
There is a stone staircase leading down here.
You climb downwards.
Found 6 boomerangs.
Found an escape hatch in the floor.
Found a stone staircase leading down.
There is a stone staircase leading up here.
A giant cockroach is nearby!
A giant cockroach is nearby!
You reach to attack!
You barely miss the giant cockroach.
You reach to attack!
You hit the giant cockroach but do no damage.
The giant cockroach barely misses you.
You closely miss the giant cockroach.
The giant cockroach bites you but does no damage.
You closely miss the giant cockroach.
The giant cockroach bites you but does no damage.
You hit the giant cockroach but do no damage.
The giant cockroach closely misses you.
You hit the giant cockroach.
The giant cockroach is heavily wounded.
The giant cockroach barely misses you.
You barely miss the giant cockroach.
The giant cockroach is heavily wounded.
You barely miss the giant cockroach.
The giant cockroach is heavily wounded.
The giant cockroach completely misses you.
You hit the giant cockroach but do no damage.
The giant cockroach is poisoned.
The giant cockroach is heavily wounded.
The giant cockroach misses you.
You closely miss the giant cockroach.
The giant cockroach is severely wounded.
The giant cockroach bites you but does no damage.
You hit the giant cockroach.
You kill the giant cockroach!
No target in view!
No target in view!
No target in view!
Found a stone staircase leading down.
A hobgoblin comes into view.
The hobgoblin shouts!
A hobgoblin is nearby!
A hobgoblin is nearby!
A hobgoblin is nearby!
A sky beast comes into view.
Found a stone staircase leading up.
The sky beast flickers out of sight!
Deactivating autopickup; reactivate with Ctrl-A.
You reach to attack!
You completely miss the hobgoblin. You hit the hobgoblin.
You kill the hobgoblin!
A sky beast appears from thin air!
Reactivating autopickup.
You reach to attack!
You barely miss the sky beast. You closely miss the sky beast.
You miss the sky beast. The sky beast closely misses you.
You puncture the sky beast! You burn the sky beast.
The sky beast is moderately wounded.
The sky beast hits you. The sky beast shocks you.
You take 7 damage, and have 30/37 hp.
You hit the sky beast. You freeze the sky beast.
The sky beast is moderately wounded.
The sky beast misses you.
You hit the sky beast.
You feel better.
The sky beast is heavily wounded.
The sky beast flickers out of sight!
Deactivating autopickup; reactivate with Ctrl-A.
Something hits you. Something shocks you.
You take 6 damage, and have 24/37 hp.
No target in view!
No target in view!
No target in view!
No target in view!
You hit something but do no damage. You hit something but do no damage.
Something hits you. Something shocks you.
You take 10 damage, and have 14/37 hp.
MASSIVE DAMAGE!!
You hit something. You burn something. Something hits you.
* * * LOW HITPOINT WARNING * * *
Something shocks you.
* * * LOW HITPOINT WARNING * * *
You take 9 damage, and have 5/37 hp.
MASSIVE DAMAGE!!
You miss something. Something barely misses you.
You barely miss something. Something hits you.
* * * LOW HITPOINT WARNING * * *
Something shocks you.
You die...

########
##......##
##........##
#..........#
####..........#
.............<#
#..........#
#....@.....#
##...{....##
##........#
#<.....>...#
#..........#
#..........#
#........>.#
#..........#
..>...(...


There were no monsters in sight!

Vanquished Creatures
  An adder (D:2)
  A worm (D:2)
  3 dart slugs
  5 endoplasms
  A giant cockroach (D:3)
  4 goblins
  4 hobgoblins
  2 jackals (D:2)
  5 quokkas
  A ball python (D:1)
  7 bats
  A frilled lizard (D:1)
  4 kobolds
  6 rats
45 creatures vanquished.

Vanquished Creatures (collateral kills)
  2 jackals (D:2)
2 creatures vanquished.

Grand Total: 47 creatures vanquished

Notes
Turn   | Place    | Note
-------+----------+-------------------------------------------
     0 | D:1      | SkeletonJelly the Merfolk Chaos Knight began the quest for
                  | the Orb.
     0 | D:1      | Reached XP level 1. HP: 18/18 MP: 1/1
    70 | D:1      | XOM: divination: magic mapping
   242 | D:1      | XOM: butterfly on damage
   249 | D:1      | Reached XP level 2. HP: 6/24 MP: 2/2
   524 | D:1      | XOM: silly message
   530 | D:1      | XOM: silly message
   532 | D:1      | Reached skill level 5 in Polearms
   599 | D:1      | Reached XP level 3. HP: 10/29 MP: 3/3
   870 | D:1      | Found Liggenuj's Weapon Boutique.
   909 | D:1      | XOM: silly message
   980 | D:1      | XOM: silly message
  1002 | D:1      | Found a faded altar of an unknown god.
  1013 | D:1      | Found an ancient bone altar of Kikubaaqudgha.
  1187 | D:2      | XOM: enchant monster (good)
  1729 | D:2      | Reached XP level 4. HP: 35/37 MP: 4/4
  1969 | D:2      | Reached skill level 6 in Polearms
  2010 | D:2      | XOM: 1-stop teleportation journey
  2058 | D:2      | Noticed a shapeshifter
  2058 | D:2      | a jackal changed into a shapeshifter
  2058 | D:2      | XOM: polymorph jackal -> shapeshifter
  2058 | D:2      | Noticed a guardian serpent
  2058 | D:2      | a shapeshifter changed into a guardian serpent
  2259 | D:3      | Noticed a sky beast
  2274 | D:3      | HP: 1/37 [something (4)]
  2274 | D:3      | Slain by a sky beast

Illustrated notes

Levels and vault maps discovered:
D:1:      elethiomel_arrival_maze, layout_basic,
          shapermc_ecumenical_altar_mp_vishouse, serial_shops, shop_fountains,
          minmay_hexomino_r4
D:2:      layout_loops_corners
D:3:      layout_rooms, vehumet_altar_wand_db, minivault_26

Skill      XL: |  1  2  3  4 |
---------------+-------------+-----
Dodging        | 3 |  3.6
Polearms       | 5 6 |  6.0
Fighting       | |  3.8
Armour         | |  0.6

Action                   |  1- 3 |  4- 6 || total
-------------------------+-------+-------++-------
Melee: Spear             |   124 |    61 ||   185
  Use: Scroll            |       |     1 ||     1
 Stab: Sleeping          |     1 |     1 ||     2
Armor: Leather armour    |    15 |    14 ||    29
Dodge: Dodged            |    49 |    40 ||    89

Table legend: (Time is in decaauts)
 A = Elapsed time spent in this place.
 B = Non-inter-level travel time spent in this place.
 C = Inter-level travel time spent in this place.
 D = Time resting spent in this place.
 E = Time spent auto-exploring this place.
 F = Levels seen in this place.
 G = Mean time per level.
                   A        B        C        D        E       F      G
               +--------+--------+--------+--------+--------+-----+--------+
         Total |   2240 |   2188 |     52 |      0 |   1867 |   3 |  746.7 |
       Dungeon |   2240 |   2188 |     52 |      0 |   1867 |   3 |  746.7 |
               +--------+--------+--------+--------+--------+-----+--------+

Top non-repeatable levels by time:
     D:1: 1296 daAuts
     D:2: 918 daAuts
     D:3: 25 daAuts
